 Dungeon Crawl Stone Soup version 0.28-a0-1429-gf3d713df7a (webtiles) character file.

Game seed: 13857788545961738347

3458 zap2161 the Basher (level 10, -6/56 HPs)
             Began as a Gargoyle Monk on Jan 8, 2022.
             Was a High Priest of Hepliaklqana.
             Mangled by a vault guard (12 damage)
             ... in a bailey.
             The game lasted 00:40:02 (6796 turns).

zap2161 the Basher (Gargoyle Monk)                  Turns: 6796, Time: 00:40:03

Health: -6/56      AC: 15    Str: 19    XL:     10   Next: 6%
Magic:  13/13      EV: 10    Int: 11    God:    Hepliaklqana [*****.]
Gold:   277        SH:  0    Dex: 12    Spells: 12/12 levels left

rFire   + . .      SeeInvis .   y - +7 flail (freeze)
rCold   . . .      Faith    .   B - orb {*channel}
rNeg    + . .      Spirit   .   l - +0 scale mail
rPois   ∞          Reflect  .   (no helmet)
rElec   +          Harm     .   r - +0 cloak
rCorr   .          Rampage  .   (no gloves)
Will    +....                   (no boots)
Stlth   +.........              (no amulet)
HPRegen 0.18/turn               C - ring of protection from fire
MPRegen 0.13/turn               K - ring of willpower

@: no status effects
A: reduced essence, sickness immunity, AC +7, negative energy resistance 1,
electricity resistance, torment resistance 1, petrification resistance
a: Renounce Religion, Recall Ancestor, Ancestor Identity, Transference, Idealise


You were in a bailey.
You worshipped Hepliaklqana.
Hepliaklqana was extremely pleased with you.
You visited 1 branch of the dungeon, and saw 7 of its levels.
You also visited: Bailey.

You collected 277 gold pieces.

Inventory:

Hand Weapons
 q - a +4 quarterstaff of chaos
 y - a +7 flail of freezing (weapon)
 N - the +8 woodcutter's axe {vorpal}
   (You found it on level 7 of the Dungeon)

   It inflicts extra damage upon your enemies.
Missiles
 a - 24 sling bullets
 h - 27 bolts
 i - 40 poisoned darts (quivered)
 n - 142 stones
 x - 2 atropa-tipped darts
Armour
 l - a +0 scale mail (worn)
 r - a +0 cloak (worn)
 B - an orb of energy (worn)
Magical Staves
 g - a staff of cold
 m - a staff of conjuration
 F - a staff of poison
Jewellery
 C - a ring of protection from fire (left hand)
 D - a +6 ring of intelligence
 K - a ring of willpower (right hand)
Wands
 p - a wand of flame (15)
 s - a wand of polymorph (13)
Scrolls
 c - 2 scrolls of vulnerability {unknown}
 d - a scroll of silence {unknown}
 k - a scroll of blinking {unknown}
 o - a scroll of immolation {unknown}
 t - 3 scrolls of teleportation {unknown}
 u - 2 scrolls of fog {unknown}
 w - 2 scrolls of fear
 A - a scroll of magic mapping {unknown}
 H - a scroll of brand weapon {unknown}
 J - a scroll of summoning {unknown}
 M - a scroll of enchant weapon {unknown}
Potions
 b - 2 potions of haste {unknown}
 e - a potion of lignification {unknown}
 f - a potion of invisibility {unknown}
 j - a potion of berserk rage {unknown}
 v - a potion of flight
 z - 3 potions of curing {unknown}
 E - 2 potions of ambrosia
 G - 2 potions of brilliance
 I - 2 potions of attraction {unknown}
 L - a potion of heal wounds {unknown}


   Skills:
 * Level 7.5 Fighting
 * Level 9.8 Maces & Flails
 - Level 0.7(6.2) Staves
 + Level 5.2 Armour
 - Level 3.0 Dodging
 - Level 3.0 Stealth
 + Level 1.7 Spellcasting
 + Level 2.0 Conjurations
 + Level 1.7 Ice Magic
 * Level 5.1 Invocations


You had 12 spell levels left.
You didn't know any spells.
Your spell library contained the following spells:

 Spells                   Type           Power      Damage    Failure   Level
 Frozen Ramparts          Ice            8%         1d2       77%         3
 Summon Guardian Golem    Hex/Summ       0%         N/A       94%         3
 Ice Form                 Ice/Tmut       2%         N/A       99%         4
 Summon Ice Beast         Ice/Summ       2%         N/A       99%         4
 Orb of Destruction       Conj           2%         9d1       100%        7
 Spellforged Servitor     Conj/Summ      1%         N/A       100%        7


Dungeon Overview and Level Annotations

Branches:
Dungeon (7/15)             Bailey (1/1)
 Temple: D:4-7

Altars:
Ashenzari
Fedhas
Hepliaklqana
Okawaru

Shops:
D:3 :   D:4 *   D:6 *(*[

Annotations:
Bailey Prince Ribbit


Innate Abilities, Weirdness & Mutations

Your life essence is reduced to manifest your ancestor. (-10% HP)
You are immune to sickness and miasma.
Your stone body is resilient. (AC +7)
You are immune to poison.
You resist negative energy. (rN+)
You are resistant to electric shocks. (rElec)
You are resistant to unholy torment.
You are immune to petrification.


Message History

Ahumratum hits the human with a +0 quarterstaff!!
The human dies!
You hear a splash. x2
Prince Ribbit blinks!
The vault guard hits Ahumratum with a +0 broad axe!
Ahumratum gestures at the vault guard while chanting.
The stone arrow hits the vault guard!
Prince Ribbit blinks!
The vault guard hits Ahumratum with a +0 broad axe!
Ahumratum casts a spell at the vault guard.
The puff of frost hits the vault guard.
You swap places.
The vault guard hits you with a +0 broad axe!
* * * LOW HITPOINT WARNING * * *
Things that are here:
a +0 war axe; a +0 scale mail; a human corpse You sock the vault guard!
You freeze the vault guard.
The vault guard is heavily wounded.
Ahumratum hits the vault guard with a +0 quarterstaff!!
Prince Ribbit hops awkwardly around.
The vault guard hits you but does no damage.
The vault guard hits Ahumratum with a +0 broad axe!
You barely miss the vault guard.
The vault guard is severely wounded.
Ahumratum hits the vault guard but does no damage.
The vault guard barely misses you.
The vault guard hits Ahumratum with a +0 broad axe.
Ahumratum is destroyed!
Prince Ribbit hits you but does no damage.
You hit the vault guard but do no damage.
The vault guard is severely wounded.
Prince Ribbit hits you but does no damage.
The vault guard hits you with a +0 broad axe!
* * * LOW HITPOINT WARNING * * *
As you read the scroll of fear, it crumbles to dust.
You assume a fearsome visage.
Prince Ribbit looks frightened!
The vault guard resists with almost no effort.
Prince Ribbit blinks!
The vault guard hits you with a +0 broad axe!
You die...

#..####...#≈≈≈≈≈#
#.....#...#≈≈≈≈≈#
#.....#...##≈≈≈##
###'###..####+##
#≈≈..≈#..+
#≈≈..≈####
##≈≈.≈##≈##
#≈≈.F≈≈≈≈#
#≈)@≈≈≈≈≈##
#≈≈p§.≈≈≈≈#
#≈≈..≈.≈≈≈≈#
#≈≈≈..≈≈≈≈≈#
#≈≈..≈..≈≈≈≈#
≈≈≈......≈≈≈≈#
..........≈≈≈##
≈≈≈......≈≈≈≈#
#≈≈≈##'##≈≈≈##


You could see a vault guard and Prince Ribbit (fleeing).

Vanquished Creatures
  3 humans (Bailey)
  A necrophage (D:5)
  3 ogres
  A kobold brigand (D:5)
  4 bullfrogs (Bailey)
  A wyvern skeleton (D:6)
  2 killer bees (D:6)
  2 wights
  Crazy Yiuf (D:2)
  A hound (D:7)
  Ijyb (D:3)
  2 centaur skeletons (D:4)
  2 iguanas
  2 orc wizards
  3 adders
  3 gnolls (D:4)
  An ufetubus (D:4)
  An adder skeleton (D:4)
  A worm (D:2)
  A dart slug (D:3)
  10 orcs
  10 endoplasms
  A giant cockroach (D:4)
  4 goblins
  4 hobgoblins
  7 jackals (D:2)
  2 quokkas
  4 ball pythons
  3 bats (D:3)
  A frilled lizard (D:2)
  6 kobolds
  4 rats
92 creatures vanquished.

Vanquished Creatures (collateral kills)
  Sigmund (D:6)
  3 humans (Bailey)
  Edmund (D:5)
  An ice beast (D:3)
  A phantom (D:4)
  3 bullfrogs (Bailey)
  A water moccasin skeleton (D:6)
  5 wights
  4 killer bees (D:6)
  A centaur zombie (D:6)
  An orc priest (D:4)
  2 hounds
  A centaur skeleton (D:6)
  2 iguanas
  Robin (D:2)
  An adder (D:4)
  3 gnolls
  An ufetubus (D:7)
  2 adder skeletons (D:4)
  A worm (D:2)
  5 orcs
  2 bats (D:3)
  An endoplasm (D:3)
  A giant cockroach (D:4)
  4 goblins
  6 hobgoblins
  3 jackals (D:2)
  2 ball pythons
  5 kobolds
  2 rats (D:2)
67 creatures vanquished.

Vanquished Creatures (others)
  4 battlemagi
4 creatures vanquished.

Grand Total: 163 creatures vanquished

Notes
Turn   | Place    | Note
-------+----------+-------------------------------------------
     0 | D:1      | zap2161 the Gargoyle Monk began the quest for the Orb.
     0 | D:1      | Reached XP level 1. HP: 14/14 MP: 1/1
   225 | D:1      | Found a faded altar of an unknown god.
   238 | D:1      | Prayed at the altar of an unknown god.
   238 | D:1      | Became a worshipper of Hepliaklqana the Forgotten
   238 | D:1      | Reached * piety under Hepliaklqana
   238 | D:1      | Reached ** piety under Hepliaklqana
   248 | D:1      | You fall into a shaft and drop 1 floor!
   249 | D:2      | Found a blossoming altar of Fedhas.
   271 | D:2      | Reached XP level 2. HP: 4/17 MP: 2/2
   272 | D:2      | Remembered your ancestor Ahumratum as a battlemage
   821 | D:2      | Reached XP level 3. HP: 20/20 MP: 3/3
   880 | D:2      | Reached *** piety under Hepliaklqana
  1270 | D:2      | Noticed Robin
  1281 | D:2      | Killed Robin
  1287 | D:2      | Reached XP level 4. HP: 18/26 MP: 4/4
  1425 | D:2      | Found a runed translucent door.
  1426 | D:2      | Noticed Crazy Yiuf
  1440 | D:2      | Killed Crazy Yiuf
  1441 | D:2      | Reached skill level 4 in Maces & Flails
  1441 | D:2      | Reached skill level 1 in Armour
  1914 | D:3      | Noticed an ice beast
  1921 | D:3      | Killed an ice beast
  1922 | D:3      | Reached skill level 1 in Conjurations
  1922 | D:3      | Reached skill level 1 in Ice Magic
  1922 | D:3      | Reached skill level 1 in Invocations
  1922 | D:3      | Reached XP level 5. HP: 29/29 MP: 4/6
  2088 | D:3      | Reached skill level 1 in Spellcasting
  2182 | D:3      | Reached XP level 6. HP: 24/34 MP: 7/7
  2497 | D:3      | Found Rulex's Book Shoppe.
  2633 | D:3      | Noticed Ijyb
  2644 | D:3      | Killed Ijyb
  2909 | D:4      | Found a broken altar of Ashenzari.
  3084 | D:4      | Found Otwoumpi's Lightly-Used Armoury.
  3092 | D:4      | Reached XP level 7. HP: 38/38 MP: 9/9
  3110 | D:4      | Reached **** piety under Hepliaklqana
  3338 | D:4      | Reached skill level 5 in Maces & Flails
  3844 | D:4      | Reached skill level 6 in Maces & Flails
  3847 | D:4      | Reached XP level 8. HP: 3/43 MP: 10/10
  4403 | D:5      | Entered Level 5 of the Dungeon
  4435 | D:5      | Reached skill level 5 in Fighting
  4705 | D:5      | Found a blossoming altar of Fedhas.
  4732 | D:5      | Noticed Edmund
  4738 | D:5      | Killed Edmund
  4739 | D:5      | Reached skill level 7 in Maces & Flails
  5137 | D:6      | Found Wusogil's Assorted Antiques.
  5142 | D:6      | Found Vipsyluwaj's Weapon Shoppe.
  5143 | D:6      | Found Taumpass's Antique Armour Shoppe.
  5144 | D:6      | Found Qase's Assorted Antiques.
  5475 | D:6      | Reached ***** piety under Hepliaklqana
  5475 | D:6      | Noticed Sigmund
  5490 | D:6      | Killed Sigmund
  5559 | D:6      | Reached skill level 8 in Maces & Flails
  5559 | D:6      | Reached XP level 9. HP: 48/49 MP: 11/11
  5572 | D:6      | HP: 1/49 [killer bee (4)]
  6418 | D:7      | Found an iron altar of Okawaru.
  6502 | D:7      | Found a flagged portal.
  6503 | D:7      | Found the +8 woodcutter's axe {vorpal}
  6511 | Bailey   | Entered a bailey
  6526 | Bailey   | Reached skill level 9 in Maces & Flails
  6776 | Bailey   | Noticed Prince Ribbit
  6781 | Bailey   | Reached skill level 5 in Armour
  6782 | Bailey   | Noticed a vault guard
  6788 | Bailey   | Reached skill level 5 in Invocations
  6788 | Bailey   | Reached XP level 10. HP: 31/56 MP: 13/13
  6796 | Bailey   | Mangled by a vault guard

Illustrated notes

Levels and vault maps discovered:
D:1:      pf_arrival_petrified_forest, layout_rooms,
          hellmonk_ecumenical_altar_slurped_away, st_stairs_8
D:2:      layout_loops_ring, basic_altar, hex_large, kennysheep_another_room,
          chequers_hall_statues_y, uniq_crazy_yiuf_cottage, uniq_robin
D:3:      layout_rooms, serial_shops, nicolae_shop_behind_doors,
          minmay_pentangle, uniq_ijyb
D:4:      layout_cave_pods, evilmike_ruin_ashenzari, serial_rivers,
          chequers_serial_rivers_large_b, chequers_serial_rivers_room_b,
          chequers_serial_rivers_small_3, chequers_serial_rivers_micro_e,
          chequers_serial_rivers_micro_a, minmay_shop_damaged,
          chequers_mini_garden
D:5:      layout_rooms, nicolae_overflow_crystal_walls, uniq_edmund
D:6:      layout_gridville, amcnicky_mini_corridor_feature,
          minmay_shop_grid_forest, uniq_sigmund
D:7:      layout_basic, mainiacjoe_overflow_catwalk,
          minmay_temple_entry_nine_rooms, enter_bailey_2,
          minmay_fractal_squares_5
Bailey:   bailey_axe_froggy_fort_hellmonk, bailey

Skill      XL: |  1  2  3  4  5  6  7  8  9 |
---------------+----------------------------+-----
Maces & Flails | 4 6 8 9 |  9.8
Armour         | 1 2 3 5 |  5.2
Conjurations   | 1 2 |  2.0
Ice Magic      | 1 |  1.7
Invocations    | 1 2 3 5 |  5.1
Fighting       | 4 5 7 |  7.5
Spellcasting   | 1 |  1.7
Dodging        | 3 |  3.0
Stealth        | 3 |  3.0
Staves         | |  0.7

Action                   |  1- 3 |  4- 6 |  7- 9 | 10-12 || total
-------------------------+-------+-------+-------+-------++-------
Melee: Mace              |    65 |     7 |       |       ||    72
       Quarterstaff      |       |    34 |       |       ||    34
       Flail             |       |    28 |   150 |     5 ||   183
Throw: Dart              |       |     1 |     3 |       ||     4
Invok: Ancestor Identity |     5 |       |       |       ||     5
       Recall Ancestor   |     1 |       |       |       ||     1
       Ancestor Life: Ba |     1 |       |       |       ||     1
       Transference      |       |       |     1 |       ||     1
  Use: Scroll            |       |       |     3 |     1 ||     4
       Potion            |       |       |     1 |       ||     1
 Stab: Sleeping          |       |     5 |       |       ||     5
       Distracted        |       |       |     1 |       ||     1
Armor: Leather armour    |    29 |    10 |       |       ||    39
       Robe              |     1 |       |       |       ||     1
       Scale mail        |       |    14 |   100 |     3 ||   117
Dodge: Dodged            |    56 |    36 |    90 |     1 ||   183

Table legend: (Time is in decaauts)
 A = Elapsed time spent in this place.
 B = Non-inter-level travel time spent in this place.
 C = Inter-level travel time spent in this place.
 D = Time resting spent in this place.
 E = Time spent auto-exploring this place.
 F = Levels seen in this place.
 G = Mean time per level.
                   A        B        C        D        E       F      G
               +--------+--------+--------+--------+--------+-----+--------+
         Total |   6855 |   6855 |      0 |      0 |   5191 |   8 |  856.9 |
       Dungeon |   6572 |   6572 |      0 |      0 |   4972 |   7 |  938.9 |
        Bailey |    283 |    283 |      0 |      0 |    219 |   1 |  283.0 |
               +--------+--------+--------+--------+--------+-----+--------+

Top non-repeatable levels by time:
     D:2: 1631 daAuts
     D:4: 1594 daAuts
     D:6: 1481 daAuts
     D:3: 987 daAuts
     D:5: 495 daAuts
  Bailey: 283 daAuts
     D:1: 250 daAuts
     D:7: 131 daAuts
